 Dungeon Crawl Stone Soup version 0.27.0-1-g7a08968 (webtiles) character file.

Game seed: 1072643395999638491

149 brinewave the Chopper (level 5, 0/45 HPs)
             Began as a Minotaur Berserker on Aug 15, 2021.
             Was a Priest of Trog.
             Succumbed to an adder's poison
             ... on level 3 of the Dungeon.
             The game lasted 00:05:46 (2140 turns).

brinewave the Chopper (Minotaur Berserker)          Turns: 2140, Time: 00:05:46

Health: 0/45       AC:  2    Str: 23    XL:     5   Next: 9%
Magic:  4/4        EV: 12    Int:  4    God:    Trog [***...]
Gold:   158        SH:  0    Dex:  9    Spells: 4/4 levels left

rFire    . . .     SeeInvis .   a - +1 hand axe
rCold    . . .     Faith    .   (no shield)
rNeg     . . .     Spirit   .   b - +0 animal skin
rPois    .         Reflect  .   (helmet restricted)
rElec    .         Harm     .   (no cloak)
rCorr    .         Rampage  .   (no gloves)
Will     .....                  (no boots)
Stlth    +.........             (no amulet)
HPRegen  0.15/turn              (no ring)
MPRegen  0.09/turn              (no ring)

@: lethally poisoned (0 -> -4), on berserk cooldown, slowed, very slow
A: horns 2, retaliatory headbutt
a: Renounce Religion, Berserk, Trog's Hand


You were on level 3 of the Dungeon.
You worshipped Trog.
Trog was most pleased with you.
You visited 1 branch of the dungeon, and saw 3 of its levels.

You collected 158 gold pieces.

Inventory:

Hand Weapons
 a - a +1 hand axe (weapon)
 e - a +0 hunting sling
 h - a +3 dagger
Missiles
 f - 20 stones (quivered)
 j - 9 poisoned darts
 k - 26 arrows
Armour
 b - a +0 animal skin (worn)
Jewellery
 c - a +6 ring of intelligence
Potions
 d - a potion of magic {unknown}
 g - 2 potions of curing {unknown}


   Skills:
 - Level 3.6 Fighting
 + Level 5.5 Axes
 + Level 4.8 Armour
 - Level 2.1 Dodging


You had 4 spell levels left.
You didn't know any spells.
Your spell library was empty.

Dungeon Overview and Level Annotations

Branches:
Dungeon (3/15)

Altars:


Innate Abilities, Weirdness & Mutations

You have a pair of horns on your head.
You reflexively headbutt those who attack you in melee.


Message History

You have reached level 5!
Things that are here:
a +0 dagger; a +0 robe You feel a strong urge to attack something.
You see here a +3 dagger.
h - a +3 dagger You feel your anger nearly subside.
You are no longer berserk.
You are exhausted.
You feel yourself slow down.
An adder comes into view.
Items here: ( )) †.
The adder bites you.
You barely miss the adder. Your headbutt misses the adder.
The adder bites you. x2
You closely miss the adder. Your headbutt misses the adder.
The adder bites you. x2
The adder closely misses you. You furiously retaliate!
You headbutt the adder. The adder closely misses you.
The adder closely misses you. The adder bites you.
There is a stone staircase leading up here.
You closely miss the adder. Your headbutt misses the adder.
The adder is lightly wounded.
The adder bites you.
You are poisoned.
The adder poisons you! The adder bites you.
* * * LOW HITPOINT WARNING * * *
You feel very sick. The adder bites you.
* * * LOW HITPOINT WARNING * * *
The adder bites you.
* * * LOW HITPOINT WARNING * * *
You slash the adder! Your headbutt misses the adder.
The adder is almost dead.
* * * LOW HITPOINT WARNING * * *
You feel sick. The adder bites you but does no damage. The adder bites you.
* * * LOW HITPOINT WARNING * * *
You miss the adder. You headbutt the adder.
You kill the adder!
Trog accepts your kill.
You die...

## # ..# #.. .#
.... #.# .# ...
#.###.#### ...
##.#......
##.##.......#
.......#.#..# # #
#..†<....# ###.#.
#..@..##.#
......###).####
#..........#
#..#.##)#....(...
#!#....!###
........#
##.#.....#
#.#.....#
..#######


There were no monsters in sight!

Vanquished Creatures
  An orc priest (D:3)
  An orc wizard (D:3)
  3 adders
  2 orcs (D:3)
  5 ball pythons
  4 bats (D:1)
  10 endoplasms
  2 giant cockroaches (D:1)
  12 goblins
  9 hobgoblins
  4 jackals (D:1)
  4 quokkas
  3 frilled lizards
  2 kobolds
  4 rats
66 creatures vanquished.

Notes
Turn   | Place    | Note
-------+----------+-------------------------------------------
     0 | D:1      | brinewave the Minotaur Berserker began the quest for the
                  | Orb.
     0 | D:1      | Reached XP level 1. HP: 19/19 MP: 0/0
   284 | D:1      | Reached skill level 4 in Axes
   284 | D:1      | Reached XP level 2. HP: 23/26 MP: 1/1
   621 | D:1      | Reached XP level 3. HP: 28/31 MP: 2/2
   667 | D:1      | Reached ** piety under Trog
  1488 | D:2      | Reached skill level 5 in Axes
  1488 | D:2      | Reached XP level 4. HP: 39/39 MP: 3/3
  1705 | D:2      | Reached *** piety under Trog
  2125 | D:3      | Reached XP level 5. HP: 45/45 MP: 4/4
  2139 | D:3      | HP: 1/45 [adder (2)]
  2140 | D:3      | Succumbed to an adder's poison

Illustrated notes

Levels and vault maps discovered:
D:1:      tarquinn_simple_flora_water_e, layout_rooms, nrook_loot_triangle
D:2:      layout_rooms, st_stairs_1, minmay_goblin_outpost
D:3:      layout_loops_cross, mainiacjoe_overflow_small_starburst,
          gammafunk_ghost_abyssal_escape

Skill      XL: |  1  2  3 |
---------------+----------+-----
Axes           | 4 5 |  5.5
Armour         | 3 4 |  4.8
Fighting       | |  3.6
Dodging        | |  2.1

Action                   |  1- 3 |  4- 6 || total
-------------------------+-------+-------++-------
Melee: Hand axe          |    94 |    39 ||   133
       Headbutt          |    11 |     5 ||    16
Throw: Stone             |       |     3 ||     3
Invok: Berserk           |     2 |     1 ||     3
  Use: Scroll            |       |     2 ||     2
Armor: Animal skin       |     7 |     4 ||    11
Dodge: Dodged            |    62 |    20 ||    82
